 Dungeon Crawl Stone Soup version 0.29.1-15-g9cfb28693d (webtiles) character file.

Game seed: 2237706094773831081

16 Heoruswealwe the Digger (level 2, 0/15 HPs)
             Began as a Deep Elf Earth Elementalist on Mar 25, 2023.
             Slain by a gnoll
             ... wielding a +0 halberd
              (15 damage)
             ... on level 2 of the Dungeon.
             The game lasted 00:06:42 (715 turns).

Heoruswealwe the Digger (DEEE)                       Turns: 715, Time: 00:06:43

Health: 0/15       AC:  2    Str:  5    XL:     2   Next: 41%
Magic:  5/8        EV: 12    Int: 19    God:
Gold:   28         SH:  0    Dex: 15    Spells: 5/8 levels left

rFire   . . .      SeeInvis .   (no weapon)
rCold   . . .      Faith    .   (no shield)
rNeg    . . .      Spirit   .   a - +0 robe
rPois   .          Reflect  .   (no helmet)
rElec   .          Harm     .   (no cloak)
rCorr   .          Rampage  .   (no gloves)
Will    .....                   (no boots)
Stlth   ++........              (no amulet)
HPRegen 0.05/turn               i - ring of flight
MPRegen 0.11/turn               (no ring)

@: flying
A: no striking features
a: no special abilities


You were on level 2 of the Dungeon.
You visited 1 branch of the dungeon, and saw 2 of its levels.

You collected 28 gold pieces.

Inventory:

Armour
 a - a +0 robe (worn)
Jewellery
 i - a ring of flight (left hand)
Scrolls
 c - a scroll of blinking {unknown}
 f - a scroll of identify {unknown}
Potions
 b - a potion of magic
 d - 2 potions of curing {unknown}
 e - 2 potions of degeneration {unknown}
 g - a potion of lignification {unknown}
 h - a potion of heal wounds {unknown}


   Skills:
 - Level 2.4 Dodging
 - Level 2.4 Stealth
 * Level 3.6 Spellcasting
 + Level 1.5 Transmutations
 * Level 3.7 Earth Magic


You had 5 spell levels left.
You knew the following spells:

 Your Spells              Type           Power      Damage    Failure   Level
a - Sandblast             Erth           34%        2d9       3%          1
z - Passwall              Tmut/Erth      10%        N/A       8%          2

Your spell library contained the following spells:

 Spells                   Type           Power      Damage    Failure   Level
 Stone Arrow              Conj/Erth      20%        3d8       21%         3
 Petrify                  Tmut/Erth      13%        N/A       43%         4


Dungeon Overview and Level Annotations

Branches:
Dungeon (2/15)

Altars:
Fedhas


Message History

A hobgoblin comes into view.
Found 4 stones.
You can't see any susceptible monsters within range! (Use Z to cast anyway.)
Found 5 gold pieces.
The blast of sand hits the hobgoblin.
The hobgoblin is severely wounded.
The blast of sand hits the hobgoblin but does no damage.
The hobgoblin is severely wounded.
The blast of sand hits the hobgoblin.
You kill the hobgoblin!
You now have 28 gold pieces (gained 5).
Fedhas invokes nature against you. The volley of thorns hits you!
Ouch! That really hurt!
* * * LOW HITPOINT WARNING * * *
You see here 4 stones.
HP restored.
Done exploring.
Done exploring.
Search for what [? for help]? .
Search for what [Enter for "."]? .
Done exploring.
Search for what [Enter for "."]? .
You see here a +0 mace.
There is a stone staircase leading down here.
You fly downwards.
The gnoll shouts!
You hear a shout!
The ball python hisses angrily.
You hear a shout!
There is a stone staircase leading up here.
The blast of sand hits the ball python.
The ball python is heavily wounded.
The ball python barely misses you. The ball python misses you.
The blast of sand hits the ball python!
You kill the ball python!
The giant cockroach bites you but does no damage.
The blast of sand hits the giant cockroach.
You kill the giant cockroach!
The gnoll hits you from afar with a +0 halberd!
Ouch! That really hurt!
You die...

...... .. .....
. ....#. #.....
#....# #.#....#
#.....†######
#..†@.....#
.......#####..#
##...#g #... #.
#.# #. . #. #.
#.


You could see a gnoll.

Vanquished Creatures
  2 endoplasms (D:1)
  A giant cockroach (D:2)
  2 goblins (D:1)
  2 hobgoblins (D:1)
  2 kobolds (D:1)
  A quokka (D:1)
  4 ball pythons
  A rat (D:1)
15 creatures vanquished.

Notes
Turn   | Place    | Note
-------+----------+-------------------------------------------
     0 | D:1      | Heoruswealwe the Deep Elf Earth Elementalist began the
                  | quest for the Orb.
     0 | D:1      | Reached XP level 1. HP: 10/10 MP: 6/6
   189 | D:1      | Reached XP level 2. HP: 15/15 MP: 6/8
   192 | D:1      | Learned a level 2 spell: Passwall
   388 | D:1      | Found a faded altar of an unknown god.
   392 | D:1      | Prayed at the altar of an unknown god.
   392 | D:1      | Became a worshipper of Fedhas Madash
   392 | D:1      | Reached * piety under Fedhas
   393 | D:1      | Fell from the grace of Fedhas
   715 | D:2      | Slain by a gnoll

Illustrated notes

Levels and vault maps discovered:
D:1:      roderic_crossed_star, layout_loops_ring,
          hellmonk_ecumenical_altar_heavens_door
D:2:      layout_rooms, grunt_ministairs_2, uniq_terence

Action                   || total
-------------------------++-------
 Cast: Sandblast         ||    20
Invok: Renounce Religion ||     1
Armor: Robe              ||     1
Dodge: Dodged            ||     3
